 Dungeon Crawl Stone Soup version 0.20-a0-1015-g2ec8a95 (webtiles) character file.

7745 Gorglomux the Cleaver (level 11, -1/93 HPs)
             Began as a Naga Venom Mage on Apr 15, 2017.
             Was an Elder of Trog.
             Slain by a flayed ghost (3 damage)
             ... on level 9 of the Dungeon.
             The game lasted 00:33:21 (12972 turns).

Gorglomux the Cleaver (Naga Venom Mage)            Turns: 12972, Time: 00:33:22

Health: -1/93      AC:  8    Str: 11    XL:     11   Next: 20%
Magic:  14/14      EV: 10    Int: 24    God:    Trog [****..]
Gold:   528        SH:  6    Dex: 12    Spells: 11/14 levels left

rFire    . . .     SeeInvis +   b - +10 rapier of the Trees {elec, Int+6}
rCold    . . .     Gourm    .   Q - +2 buckler
rNeg     . . .     Faith    .   W - +1 ring mail
rPois    +         Spirit   .   (no helmet)
rElec    .         Reflect  .   (no cloak)
rCorr    .         Harm     .   (no gloves)
MR       +....                  (no barding)
Stlth    ++........             (no amulet)
Regen    0.3/turn               l - ring of flight
MPRegen  0.2/turn               u - ring of wizardry

@: exhausted, about to teleport, flayed, slowed, very slow
A: see invisible, deformed body, poison resistance, slowness 2, slow metabolism
1, spit poison 1, AC +3
a: Spit Poison, Berserk, Trog's Hand, Brothers in Arms, Burn Spellbooks,
Renounce Religion, Evoke Flight


You were on level 9 of the Dungeon.
You worshipped Trog.
Trog was greatly pleased with you.
You were near starving.

You visited 1 branch of the dungeon, and saw 10 of its levels.

You collected 528 gold pieces.

Inventory:

Hand Weapons
 a - a +0 war axe
 b - the +10 rapier of the Trees (weapon) {elec, Int+6}
   (You found it on level 9 of the Dungeon)

   Occasionally, upon striking a foe, it will discharge some electrical energy
   and cause terrible harm.
   It affects your intelligence (+6).
 A - a +0 battleaxe
 G - a +0 hunting sling
Missiles
 U - 85 sling bullets
 Z - a throwing net (quivered)
Armour
 Q - a +2 buckler (worn)
 V - a +0 leather armour
 W - a +1 ring mail (worn)
Jewellery
 l - a ring of flight (left hand)
 u - a ring of wizardry (right hand)
 F - a +2 ring of intelligence
Wands
 v - a wand of enslavement (9/24)
 E - a wand of enslavement (12/24)
 I - a wand of iceblast (0/15)
 P - a wand of paralysis (9/24)
 S - a wand of flame (8/48)
Scrolls
 h - 3 scrolls of enchant armour
 m - 4 scrolls of immolation
 r - a scroll of fog
 t - a scroll of enchant weapon
 y - 4 scrolls of remove curse
 z - 2 scrolls of blinking {unknown}
 B - a scroll of noise {unknown}
 H - 3 scrolls of amnesia
 M - 2 scrolls of magic mapping
 R - 2 scrolls of identify
 T - 5 scrolls of teleportation
Potions
 f - 2 potions of curing
 j - a potion of haste
 x - a potion of resistance
 D - 2 potions of ambrosia
 K - a potion of lignification {unknown}
 L - 2 potions of heal wounds
 N - a potion of brilliance
 O - a potion of mutation
 X - a potion of berserk rage {unknown}
 Y - 2 potions of flight
Comestibles
 c - 5 bread rations
 w - 4 meat rations
 C - 6 fruits
 J - 2 royal jellies


   Skills:
 - Level 4.5 Fighting
 + Level 10.4 Axes
 + Level 7.5 Armour
 + Level 5.8 Dodging
 - Level 5.4 Stealth
 - Level 3.0 Shields
 - Level 2.0 Spellcasting
 - Level 1.0 Conjurations
 - Level 4.8 Poison Magic


You had 11 spell levels left.
You knew the following spells:

 Your Spells              Type           Power        Failure   Level  Hunger
a - Sting                 Conj/Pois      ###.         4%          1    #......
b - Poisonous Vapours     Pois/Air       ##....       7%          2    ##.....


Dungeon Overview and Level Annotations

Branches:
Dungeon (10/15)            Temple (0/1) D:5
   Lair: D:8-11         Orc: D:9-12

Altars:
Cheibriados
Gozag
Makhleb
Ru
Trog
Uskayaw
Wu Jian
Xom

Shops:
D:9 *


Innate Abilities, Weirdness & Mutations

You cannot wear boots.
Your serpentine skin is tough. (AC +3)
You have supernaturally acute eyesight. (SInv)
Armour fits poorly on your strangely shaped body.
Your system is resistant to poisons. (rPois)
You cover ground very slowly.
You have a slow metabolism.
You can spit poison.


Message History

You kill the adder!
Trog accepts your kill.
You are no longer berserk.
You are exhausted.
You feel yourself slow down.
Okay, then.
You feel much better. You block the flayed ghost's attack. x2
As you read the scroll of teleportation, it crumbles to dust.
You feel strangely unstable. The crocodile barely misses you.
The flayed ghost hits you!!
* * * LOW HITPOINT WARNING * * *
The crocodile closely misses you.
Unknown command.
You feel much better. The flayed ghost barely misses you.
The acid dragon bites you!
* * * LOW HITPOINT WARNING * * *
You block the acid dragon's attack. The crocodile bites you!
* * * LOW HITPOINT WARNING * * *
The flayed ghost hits you.
You die...

#.#. #.#. #.#'#########
####.#.........#
#....#.........#
#....#.........#
#....#.........#
#....#tWD......' ####
#....#.@.......# #...
#....#..)......# #...
#....#.........# #...
#######....#.........# #...
#..........#'##############'##
#.##########...†.....#8.......
#.# #.........#........ #.#
#.........#........ #.#
#......)..'........


You could see a flayed ghost, a crocodile and an acid dragon.

Vanquished Creatures
  3 two-headed ogres (D:9)
  A spiny frog (shapeshifter) (D:9)
  Prince Ribbit (D:6)
  Grinder (D:6)
  3 hippogriffs (D:9)
  2 wyverns
  A steam dragon (D:9)
  The ghost of mopl the Sneak, an amateur DEAs of Okawaru (D:3)
  A soldier ant (D:9)
  2 water moccasins
  A hornet zombie (D:6)
  4 sky beasts
  2 orc warriors
  2 necrophages
  3 centaurs
  6 ogres
  4 bullfrogs
  2 big kobolds
  A wyvern skeleton (D:8)
  2 scorpions (D:7)
  3 wights (D:9)
  4 howler monkeys
  An electric eel (D:9)
  A centaur zombie (D:9)
  3 crimson imps
  4 orc priests
  4 hounds
  2 bullfrog zombies (D:9)
  A bullfrog skeleton (D:9)
  4 iguanas
  7 orc wizards
  10 worker ants
  A killer bee zombie (D:7)
  A hound skeleton (D:5)
  A worker ant zombie (D:5)
  13 adders
  8 gnolls
  2 shadow imps
  An ooze (D:3)
  An adder zombie (D:9)
  2 adder skeletons
  5 worms
  A dart slug (D:4)
  8 leopard geckos
  36 orcs
  7 giant cockroaches
  16 goblins
  11 hobgoblins
  9 jackals
  5 quokkas
  3 ball pythons
  12 bats
  10 frilled lizards
  A jackal zombie (D:6)
  24 kobolds
  A quokka skeleton (D:6)
  14 rats
280 creatures vanquished.

Vanquished Creatures (others)
  3 bushes (D:9)
3 creatures vanquished.

Grand Total: 283 creatures vanquished

Notes
Turn   | Place    | Note
-------+----------+-------------------------------------------
     0 | D:1      | Gorglomux the Naga Venom Mage began the quest for the Orb.
     0 | D:1      | Reached XP level 1. HP: 15/15 MP: 3/3
   216 | D:1      | Reached XP level 2. HP: 14/22 MP: 5/5
   641 | D:1      | Learned a level 2 spell: Poisonous Vapours
  1104 | D:2      | Reached XP level 3. HP: 26/28 MP: 2/6
  1580 | D:2      | Reached skill level 1 in Fighting
  1764 | D:2      | Reached XP level 4. HP: 27/38 MP: 2/7
  2101 | D:2      | Found a snail-covered altar of Cheibriados.
  2327 | D:3      | Found a burning altar of Makhleb.
  2685 | D:3      | Reached XP level 5. HP: 18/45 MP: 8/8
  2813 | D:3      | Noticed mopl's ghost (amateur DEAs)
  3194 | D:3      | Killed mopl's ghost
  3194 | D:3      | Reached skill level 3 in Fighting
  3194 | D:3      | Reached XP level 6. HP: 8/56 MP: 9/9
  3424 | D:3      | Found a faded altar of an unknown god.
  3977 | D:4      | Reached skill level 3 in Dodging
  4097 | D:4      | Found a bloodstained altar of Trog.
  4139 | D:4      | Became a worshipper of Trog the Wrathful
  4239 | D:4      | Reached skill level 1 in Axes
  4270 | D:4      | Noticed a phantom
  4345 | D:3      | Reached * piety under Trog
  4472 | D:4      | Reached XP level 7. HP: 42/66 MP: 10/10
  4947 | D:4      | Reached skill level 2 in Axes
  5124 | D:5      | Entered Level 5 of the Dungeon
  5170 | D:5      | Reached skill level 3 in Axes
  5277 | D:5      | Reached skill level 1 in Armour
  5356 | D:5      | Reached skill level 4 in Axes
  6065 | D:5      | Reached XP level 8. HP: 47/73 MP: 11/11
  6282 | D:5      | Found a staircase to the Ecumenical Temple.
  6962 | D:6      | Noticed Prince Ribbit
  7363 | D:6      | Found a shimmering altar of Xom.
  7429 | D:6      | Reached skill level 5 in Axes
  7440 | D:6      | Reached skill level 3 in Armour
  7674 | D:6      | Noticed Grinder
  7697 | D:6      | Killed Prince Ribbit
  7697 | D:6      | Your ally died
  7697 | D:6      | Reached skill level 6 in Axes
  7834 | D:6      | Reached ** piety under Trog
  8061 | D:6      | Found an ornate altar of the Wu Jian Council.
  8255 | D:6      | Reached XP level 9. HP: 79/79 MP: 12/12
  8767 | D:7      | Reached skill level 7 in Axes
  8856 | D:7      | Found a hide-covered altar of Uskayaw.
  9104 | D:7      | Found a flagged portal.
  9593 | D:8      | Found a sacrificial altar of Ru.
  9754 | D:8      | Reached skill level 1 in Shields
  9943 | D:8      | Reached skill level 8 in Axes
 10560 | D:8      | Reached *** piety under Trog
 10712 | D:9      | Reached skill level 3 in Shields
 10740 | D:9      | Reached XP level 10. HP: 84/87 MP: 13/13
 10806 | D:9      | Noticed a two-headed ogre
 11016 | D:9      | Got a twisted rapier
 11017 | D:9      | Identified the +10 rapier of the Trees {elec, Int+6} (You found it on level 9 of the Dungeon)
 11051 | D:9      | Noticed a two-headed ogre
 11058 | D:9      | Killed a two-headed ogre
 11058 | D:9      | Reached skill level 9 in Axes
 11058 | D:9      | Reached skill level 6 in Armour
 11071 | D:9      | Killed a two-headed ogre
 11800 | D:9      | Found an opulent altar of Gozag.
 11904 | D:9      | Found a snail-covered altar of Cheibriados.
 11956 | D:9      | Found Gozag's Platinum Reserve.
 12341 | D:9      | Reached **** piety under Trog
 12466 | D:10     | Entered Level 10 of the Dungeon
 12559 | D:9      | Reached skill level 10 in Axes
 12708 | D:9      | Noticed a two-headed ogre
 12716 | D:9      | Killed a two-headed ogre
 12716 | D:9      | Reached XP level 11. HP: 59/93 MP: 14/14
 12956 | D:9      | Noticed a flayed ghost
 12965 | D:9      | HP: 1/139 [flayed ghost (23)]
 12972 | D:9      | HP: 2/93 [crocodile (shapeshifter) (9)]
 12972 | D:9      | Slain by a flayed ghost

Vault maps used:
D:1:      nicolae_arrival_washed_ashore, minmay_tromino_i4
D:2:      kennysheep_crisscross, cheibriados_altar_1
D:3:      lightli_temple_of_fire, chequers_ecumenical_altar_simple_redux
D:4:      trog_hazing_becter
D:5:      minmay_temple_entry_grid, first_bread, minmay_stone_trees_small
D:6:      kennysheep_mini, tgw_xom, uniq_grinder, uniq_prince_ribbit1
D:7:      eat_drink_and_be_merry_uskayaw, enter_bailey_3, grunt_ogre_cave
D:8:      nicolae_ru_sacrificial_ziggurat
D:9:      minmay_klotski, nicolae_gozag_zags_fifth_avenue,
          lemuel_coloured_pillars_altar, minmay_misc_feat_enclosed,
          kennysheep_cross_room
D:10:     orc_0_dummy

Skill      XL: |  1  2  3  4  5  6  7  8  9 10 |
---------------+-------------------------------+-----
Stealth        | 4 5 |  5.4
Fighting       | 1 2 3 4 |  4.5
Dodging        | 2 3 5 |  5.8
Axes           | 1 4 6 8 10 | 10.4
Armour         | 2 4 5 7 |  7.5
Shields        | 3 |  3.0
Spellcasting   | |  2.0
Conjurations   | |  1.0
Poison Magic   | |  4.8

Action                   |  1- 3 |  4- 6 |  7- 9 | 10-12 || total
-------------------------+-------+-------+-------+-------++-------
Melee: Hand axe          |    60 |   118 |       |       ||   178
       War axe           |       |    71 |   414 |    11 ||   496
       Spear             |       |       |   277 |       ||   277
       Rapier            |       |       |       |   117 ||   117
 Fire: Hunting sling     |       |     7 |     8 |       ||    15
 Cast: Sting             |    39 |    56 |       |       ||    95
       Poisonous Vapours |     5 |       |       |       ||     5
Invok: Burn Spellbooks   |       |     1 |       |     2 ||     3
       Berserk           |       |       |    25 |     6 ||    31
       Trog's Hand       |       |       |       |     1 ||     1
 Abil: Spit Poison       |     9 |    27 |    26 |     3 ||    65
Evoke: Wand              |       |       |     5 |     1 ||     6
  Use: Potion            |       |     6 |       |     2 ||     8
       Scroll            |       |     7 |     9 |     2 ||    18
 Stab: Sleeping          |     3 |     2 |     3 |     1 ||     9
       Invisible         |       |     2 |       |       ||     2
       Distracted        |       |       |     1 |       ||     1
  Eat: Chunk             |     3 |    10 |    29 |    11 ||    53
       Meat ration       |       |       |     2 |       ||     2
       Royal jelly       |       |       |     1 |       ||     1
Armor: Robe              |    22 |    19 |       |       ||    41
       Ring mail         |       |    54 |   237 |    44 ||   335
Dodge: Dodged            |    53 |   144 |   272 |    69 ||   538
Block: Buckler           |       |       |   105 |    44 ||   149
